AoeStats
← IzzyPizzy

Hill Fort

506011301Analyzed
2v2 RM · 21d ago on Sep 12, 2026· 27m 18s· 4 players
Game mode
Random Map
Map size
Medium (4 player)
Population
200
Speed
Normal
Resources
Standard
Victory
Conquest
Starting age
Dark Age
Ending age
Imperial Age
RankedLock teamsTeams togetherTeam positionsShared explorationLock speedFull tech treeHidden civsTurbo modeCheats
Victory
Defeat
🇵🇾 Saracens · Paraguay
1054
+14
🇵🇾 Wei · Paraguay
994
+16
🇦🇷 Franks · Argentina
1025
-16
🇻🇳 Turks · Vietnam
984
-14
Moketero
13:17 Feudal Age
15:11 Loom
17:56 Castle Age
16:04 Horse Collar
16:55 Double-Bit Axe
18:15 Stone Mining
18:21 Gold Mining
19:43 Bow Saw
22:12 Forging
22:39 Heavy Plow
25:33 Wheelbarrow
26:57 Hand Cart
Teju Jagua
7:56 Loom
11:37 Feudal Age
17:11 Castle Age
15:45 Double-Bit Axe
20:38 Fletching
20:49 Horse Collar
21:50 Bow Saw
24:38 Scale Barding Armor
IzzyPizzy
7:50 Loom
10:01 Feudal Age
11:33 Double-Bit Axe
12:10 Gold Mining
13:59 Wheelbarrow
18:48 Castle Age
18:12 Scale Mail Armor
18:23 Forging
18:04 Fletching
19:51 Bow Saw
21:02 Gold Shaft Mining
20:25 Stone Mining
22:00 Bodkin Arrow
23:39 Chain Mail Armor
hoasex12345
7:30 Loom
10:38 Feudal Age
11:58 Wheelbarrow
11:09 Double-Bit Axe
11:05 Horse Collar
17:39 Gold Mining
20:01 Castle Age
17:54 Stone Mining
20:46 Heavy Plow
20:57 Bow Saw
21:49 Gold Shaft Mining
Connection lost

Rejoining the realm…

Still unreachable

The connection could not be restored.

Session expired

The server has moved on; the page needs a fresh start.